EVO
UNIVERSITY OF MICHIGAN WOLVERINES @ WASHINGTON STATE UNIVERSITY COUGARS
09/15/2046
 
TOP OF THE 1ST
University of Michigan Wolverines batting - Pitching for Washington State University Cougars : RHP Jonathan Holland
Pitching: RHP Jonathan Holland
Batting: LHB Tony Olvera 0-0: Ball
1-0: Ground out U3 (Groundball, 3, EV 108.8 MPH)
Batting: RHB Jamie Broadhurst 0-0: Swinging Strike
0-1: Called Strike
0-2: Ball
1-2: Ball
2-2: Foul Ball, location: 2F
2-2: Foul Ball, location: 2F
2-2: Foul Ball, location: 2F
2-2: Foul Ball, location: 2F
2-2: Foul Ball, location: 2F
2-2: Foul Ball, location: 2F
2-2: Ball
3-2: Ground out 6-3 (Groundball, 56D, EV 91.2 MPH)
Batting: LHB Adrian Navarro 0-0: Ball
1-0: Foul Ball, location: 2F
1-1: Hit by Pitch
Batting: RHB Franklin Ortega 0-0: Ball
1-0: Ball
2-0: Foul Ball, location: 2F
2-1: SINGLE (Flyball, 8LS, EV 86.2 MPH)
Adrian Navarro to second
Runner from 2nd tries for 3rd, SAFE, throw by CF made to third
Batting: RHB Jason Rhodes 0-0: Ball
1-0: Ground out U3 (Groundball, 3S, EV 80.6 MPH)
Top of the 1st over - 0 runs, 1 hit, 0 errors, 2 left on base; University of Michigan 0 - Washington State University 0
BOTTOM OF THE 1ST
Washington State University Cougars batting - Pitching for University of Michigan Wolverines : RHP Willie Berumen
Pitching: RHP Willie Berumen
Batting: LHB Randolph Brodbeck 0-0: Called Strike
0-1: Hit by Pitch
Batting: RHB Rich Griffith 0-0: Ball
1-0: Ball
2-0: Called Strike
2-1: Ball
3-1: Base on Balls
Randolph Brodbeck to second
Batting: RHB Miguel Pacheco 0-0: SINGLE (Line Drive, 8RS, EV 106.9 MPH)
Randolph Brodbeck to third
Rich Griffith to second
Batting: LHB Jeremy Rideout 0-0: Called Strike
0-1: Ball
1-1: Ball
2-1: Ball
3-1: Base on Balls
Randolph Brodbeck scores
Rich Griffith to third
Miguel Pacheco to second
Batting: RHB Camillo Bonauiti 0-0: Ball
1-0: Ball
2-0: Called Strike
2-1: Foul Ball, location: 2F
2-2: Ball
3-2: Strikes out swinging
Batting: RHB Wilson Salgado 0-0: Ball
1-0: Foul Ball, location: 2F
1-1: Foul Ball, location: 2F
1-2: Foul Ball, location: 2F
1-2: Ball
2-2: GRAND SLAM HOME RUN (Flyball, 7D, EV 103.1 MPH), Distance : 404 ft
Batting: RHB Luis Mendoza 0-0: DOUBLE (Flyball, 8LXD, EV 107.5 MPH)
Batting: LHB Toby Clark 0-0: Ball
1-0: SINGLE (Groundball, 4MD, EV 101.9 MPH)
Luis Mendoza to third
Batting: SHB Cedric Sweep 0-0: Ball
1-0: Ball
2-0: Called Strike
2-1: Swinging Strike
2-2: Ball
3-2: Base on Balls
Toby Clark to second
Batting: LHB Randolph Brodbeck 0-0: DOUBLE (Flyball, 78D, EV 100.6 MPH)
Luis Mendoza scores
Toby Clark scores
Cedric Sweep to third
Pitching: RHP Mike Echegoyen
Batting: RHB Rich Griffith 0-0: Ball
1-0: Ground out 1-3 (Groundball, 34S, EV 70.0 MPH)
Batting: RHB Miguel Pacheco 0-0: 3-RUN HOME RUN (Flyball, 7D, EV 105.0 MPH), Distance : 396 ft
Batting: LHB Jeremy Rideout 0-0: Ball
1-0: Ball
2-0: Ball
3-0: Base on Balls
Batting: RHB Camillo Bonauiti 0-0: Ball
1-0: Called Strike
1-1: Swinging Strike
1-2: Fly out, F8 (Line Drive, 8LM, EV 98.1 MPH)
Bottom of the 1st over - 10 runs, 6 hits, 0 errors, 1 left on base; University of Michigan 0 - Washington State University 10
TOP OF THE 2ND
University of Michigan Wolverines batting - Pitching for Washington State University Cougars : RHP Jonathan Holland
Batting: RHB Justin Young 0-0: Called Strike
0-1: Ball
1-1: Foul Ball, location: 2F
1-2: Fly out, F5 (Line Drive, 5L, EV 70.0 MPH)
Batting: RHB Dave Guevara 0-0: Called Strike
0-1: Ball
1-1: DOUBLE (Line Drive, 7LM, EV 108.8 MPH)
Batting: LHB Gabe Morales 0-0: Reached on error, E8 (Line Drive, 8LD, EV 93.1 MPH)
Dave Guevara to third
Batting: RHB Glen Limeburner 0-0: DOUBLE (Flyball, 78D, EV 97.5 MPH)
Dave Guevara scores
Gabe Morales to third
Runner from 3rd tries for Home, SAFE, throw by LF to home
Batting: LHB Tony Olvera 0-0: Ball
1-0: DOUBLE (Line Drive, 7LM, EV 105.6 MPH)
Glen Limeburner scores
Batting: RHB Jamie Broadhurst 0-0: Ball
1-0: Foul Ball, location: 2F
1-1: Ball
2-1: Called Strike
2-2: Strikes out looking
Batting: LHB Adrian Navarro 0-0: Foul Ball, location: 2F
0-1: Foul Ball, location: 2F
0-2: Ball
1-2: Foul Ball, location: 2F
1-2: Ball
2-2: Ball
3-2: Fly out, F7 (Flyball, 78S, EV 87.5 MPH)
Top of the 2nd over - 3 runs, 3 hits, 1 error, 1 left on base; University of Michigan 3 - Washington State University 10
BOTTOM OF THE 2ND
Washington State University Cougars batting - Pitching for University of Michigan Wolverines : RHP Mike Echegoyen
Batting: RHB Wilson Salgado 0-0: Ball
1-0: Foul Ball, location: 2F
1-1: Ball
2-1: Foul Ball, location: 2F
2-2: Ball
3-2: Foul Ball, location: 2F
3-2: Foul Ball, location: 2F
3-2: SINGLE (Flyball, 9, EV 96.2 MPH)
Batting: RHB Luis Mendoza 0-0: Ball
1-0: Ball
2-0: Ball
3-0: Called Strike
3-1: Fly out, F7 (Flyball, 7LSF, EV 72.5 MPH)
Batting: LHB Toby Clark 0-0: Called Strike
0-1: Called Strike
0-2: Ball
1-2: Ball
2-2: Strikes out swinging
Batting: SHB Cedric Sweep 0-0: Ball
1-0: Ball
2-0: Ball
3-0: Called Strike
3-1: Hit by Pitch
Wilson Salgado to second
Batting: LHB Randolph Brodbeck 0-0: Called Strike
0-1: Foul Ball, location: 2F
0-2: Ball
1-2: Ball
2-2: SINGLE (Groundball, 4D, EV 103.1 MPH)
Wilson Salgado to third
Cedric Sweep to second
Runner from 3rd tries for Home, SAFE, throw by CF to home
Pitching: RHP Marshall Laurence
Batting: RHB Rich Griffith 0-0: Ball
1-0: Fly out, F8 (Flyball, 8RD, EV 104.4 MPH)
Bottom of the 2nd over - 1 run, 2 hits, 0 errors, 2 left on base; University of Michigan 3 - Washington State University 11
TOP OF THE 3RD
University of Michigan Wolverines batting - Pitching for Washington State University Cougars : RHP Jonathan Holland
Batting: RHB Franklin Ortega 0-0: Swinging Strike
0-1: Fly out, F9 (Flyball, 9D, EV 103.1 MPH)
Batting: RHB Jason Rhodes 0-0: Ball
1-0: Foul Ball, location: 2F
1-1: TRIPLE (Flyball, 8LXD, EV 106.2 MPH)
Batting: RHB Justin Young 0-0: Ball
1-0: Foul Ball, location: 2F
1-1: Called Strike
1-2: Fly out, F8 (Flyball, 8LM, EV 89.4 MPH)
Runner from 3rd tags up, SCORES, throw by CF
Batting: RHB Dave Guevara 0-0: Ground out U3 (Groundball, 3S, EV 63.8 MPH)
Top of the 3rd over - 1 run, 1 hit, 0 errors, 0 left on base; University of Michigan 4 - Washington State University 11
BOTTOM OF THE 3RD
Washington State University Cougars batting - Pitching for University of Michigan Wolverines : RHP Marshall Laurence
Batting: RHB Miguel Pacheco 0-0: Ball
1-0: Foul Ball, location: 2F
1-1: Ball
2-1: Fly out, F7 (Flyball, 7D, EV 109.4 MPH)
Batting: LHB Jeremy Rideout 0-0: Ball
1-0: Foul Ball, location: 2F
1-1: SINGLE (Line Drive, 8LS, EV 105.0 MPH)
Batting: RHB Camillo Bonauiti 0-0: Ball
1-0: Called Strike
1-1: Grounds into double play, 5-4-3 (Groundball, 5L, EV 106.9 MPH)
Bottom of the 3rd over - 0 runs, 1 hit, 0 errors, 0 left on base; University of Michigan 4 - Washington State University 11
TOP OF THE 4TH
University of Michigan Wolverines batting - Pitching for Washington State University Cougars : RHP Jonathan Holland
Batting: LHB Gabe Morales 0-0: Foul Ball, location: 2F
0-1: Ball
1-1: Foul Ball, location: 2F
1-2: Ground out 1-3 (Groundball, 15S, EV 68.1 MPH)
Batting: RHB Glen Limeburner 0-0: Swinging Strike
0-1: Ball
1-1: Ball
2-1: Ground out 5-3 (Groundball, 56, EV 103.1 MPH)
Batting: LHB Tony Olvera 0-0: Ball
1-0: Ball
2-0: Ball
3-0: Called Strike
3-1: Swinging Strike
3-2: Foul Ball, location: 2F
3-2: Base on Balls
Batting: RHB Jamie Broadhurst 0-0: Called Strike
0-1: Ball
1-1: Called Strike
1-2: Ball
2-2: Foul Ball, location: 2F
2-2: Ball
3-2: Strikes out swinging
Top of the 4th over - 0 runs, 0 hits, 0 errors, 1 left on base; University of Michigan 4 - Washington State University 11
BOTTOM OF THE 4TH
Washington State University Cougars batting - Pitching for University of Michigan Wolverines : RHP Marshall Laurence
Batting: RHB Wilson Salgado 0-0: Called Strike
0-1: Foul Ball, location: 2F
0-2: Foul Ball, location: 2F
0-2: Ball
1-2: Ball
2-2: Foul Ball, location: 2F
2-2: Ball
3-2: Foul Ball, location: 2F
3-2: Base on Balls
Batting: RHB Luis Mendoza 0-0: Ball
1-0: Foul Ball, location: 2F
1-1: Called Strike
1-2: Fly out, F7 (Line Drive, 7, EV 97.5 MPH)
Batting: LHB Toby Clark 0-0: Ball
1-0: SINGLE (Flyball, 34D, EV 93.8 MPH)
Wilson Salgado to second
Batting: SHB Cedric Sweep 0-0: Called Strike
0-1: Called Strike
0-2: Foul Ball, location: 2F
0-2: Ball
1-2: Foul Ball, location: 2F
1-2: Fielders Choice at 2nd, 4-6 (Groundball, 4, EV 80.0 MPH)
Wilson Salgado to third
Batting: LHB Randolph Brodbeck 0-0: Ball
1-0: Swinging Strike
1-1: Ball
2-1: Swinging Strike
2-2: SINGLE (Groundball, 34, EV 107.5 MPH)
Wilson Salgado scores
Cedric Sweep to second
Batting: RHB Rich Griffith 0-0: Called Strike
0-1: Ground out 6-3 (Groundball, 56, EV 98.8 MPH)
Bottom of the 4th over - 1 run, 2 hits, 0 errors, 2 left on base; University of Michigan 4 - Washington State University 12
TOP OF THE 5TH
University of Michigan Wolverines batting - Pitching for Washington State University Cougars : RHP Jonathan Holland
Batting: LHB Adrian Navarro 0-0: Ball
1-0: Ball
2-0: Called Strike
2-1: Foul Ball, location: 2F
2-2: Ball
3-2: Foul Ball, location: 2F
3-2: Ground out 6-3 (Groundball, 6M, EV 107.5 MPH)
Pitching: RHP Danny Diaz
Batting: RHB Franklin Ortega 0-0: Ground out 6-3 (Groundball, 6M, EV 91.2 MPH)
Batting: RHB Jason Rhodes 0-0: Fly out, F9 (Flyball, 9S, EV 91.9 MPH)
Top of the 5th over - 0 runs, 0 hits, 0 errors, 0 left on base; University of Michigan 4 - Washington State University 12
BOTTOM OF THE 5TH
Washington State University Cougars batting - Pitching for University of Michigan Wolverines : RHP Marshall Laurence
Pitching: RHP Reginald Bamber
Batting: RHB Miguel Pacheco 0-0: SINGLE (Groundball, 6MD, EV 94.4 MPH)
Batting: LHB Jeremy Rideout 0-0: Called Strike
0-1: Foul Ball, location: 2F
0-2: SINGLE (Line Drive, 6MD, EV 99.4 MPH)
Miguel Pacheco to second
Batting: RHB Camillo Bonauiti 0-0: Called Strike
0-1: Ball
1-1: Ball
2-1: Grounds into double play, 4-6-3 (Groundball, 4, EV 103.8 MPH)
Miguel Pacheco to third
Batting: RHB Wilson Salgado 0-0: Ball
Wild Pitch!
Miguel Pacheco scores
1-0: Swinging Strike
1-1: SINGLE (Line Drive, 7S, EV 103.1 MPH)
Batting: RHB Luis Mendoza 0-0: Swinging Strike
0-1: Ball
1-1: Ball
2-1: Foul Ball, location: 2F
2-2: Ball
3-2: Base on Balls
Wilson Salgado to second
Batting: LHB Toby Clark 0-0: Called Strike
0-1: Ball
1-1: Ball
2-1: Ground out U3 (Groundball, 3, EV 85.0 MPH)
Bottom of the 5th over - 1 run, 3 hits, 0 errors, 2 left on base; University of Michigan 4 - Washington State University 13
TOP OF THE 6TH
University of Michigan Wolverines batting - Pitching for Washington State University Cougars : RHP Danny Diaz
Batting: RHB Justin Young 0-0: Ball
1-0: Foul Ball, location: 2F
1-1: Ball
2-1: Foul Ball, location: 2F
2-2: Ground out 6-3 (Groundball, 6, EV 85.6 MPH)
Batting: RHB Dave Guevara 0-0: Foul Ball, location: 2F
0-1: Called Strike
0-2: Strikes out swinging
Batting: LHB Gabe Morales 0-0: Called Strike
0-1: Foul Ball, location: 2F
0-2: Ball
1-2: DOUBLE (Line Drive, 9LM, EV 93.1 MPH)
Batting: RHB Glen Limeburner 0-0: Ball
Wild Pitch!
Gabe Morales to third
1-0: Swinging Strike
1-1: Ball
2-1: Foul Ball, location: 2F
2-2: Ball
3-2: Strikes out swinging
Top of the 6th over - 0 runs, 1 hit, 0 errors, 1 left on base; University of Michigan 4 - Washington State University 13
BOTTOM OF THE 6TH
Washington State University Cougars batting - Pitching for University of Michigan Wolverines : RHP Reginald Bamber
Batting: SHB Cedric Sweep 0-0: Called Strike
0-1: Called Strike
0-2: Ball
1-2: Foul Ball, location: 2F
1-2: Ball
2-2: Strikes out swinging
Pitching: RHP Steve Child
Batting: LHB Randolph Brodbeck 0-0: Ball
1-0: Called Strike
1-1: Ball
2-1: Ball
3-1: Base on Balls
Batting: RHB Rich Griffith 0-0: Foul Ball, location: 2F
0-1: Foul Ball, location: 2F
0-2: Ball
1-2: Ball
2-2: Strikes out swinging
Batting: RHB Miguel Pacheco 0-0: Fly out, F8 (Flyball, 89M, EV 92.5 MPH)
Bottom of the 6th over - 0 runs, 0 hits, 0 errors, 1 left on base; University of Michigan 4 - Washington State University 13
TOP OF THE 7TH
University of Michigan Wolverines batting - Pitching for Washington State University Cougars : RHP Danny Diaz
Batting: LHB Tony Olvera 0-0: Ground out 6-3 (Groundball, 56, EV 86.9 MPH)
Batting: RHB Jamie Broadhurst 0-0: Ground out 5-3 (Groundball, 56, EV 76.9 MPH)
Batting: LHB Adrian Navarro 0-0: Called Strike
0-1: Swinging Strike
0-2: Fly out, F9 (Flyball, 9LS, EV 83.1 MPH)
Top of the 7th over - 0 runs, 0 hits, 0 errors, 0 left on base; University of Michigan 4 - Washington State University 13
BOTTOM OF THE 7TH
Washington State University Cougars batting - Pitching for University of Michigan Wolverines : RHP Steve Child
Batting: RHB Dave Beerman 0-0: Fly out, F7 (Line Drive, 78M, EV 96.2 MPH)
Batting: RHB Camillo Bonauiti 0-0: Ball
1-0: Called Strike
1-1: Foul Ball, location: 2F
1-2: Ball
2-2: Foul Ball, location: 2F
2-2: Ground out 5-3 (Groundball, 56, EV 99.4 MPH)
Batting: RHB Wilson Salgado 0-0: Ball
1-0: Foul Ball, location: 2F
1-1: Called Strike
1-2: Ball
2-2: SINGLE (Groundball, 56D, EV 106.2 MPH)
Batting: RHB Luis Mendoza 0-0: Ball
1-0: Ball
2-0: Foul Ball, location: 2F
2-1: Foul Ball, location: 2F
2-2: Fly out, F5 (Popup, 5SF, EV 72.5 MPH)
Bottom of the 7th over - 0 runs, 1 hit, 0 errors, 1 left on base; University of Michigan 4 - Washington State University 13
TOP OF THE 8TH
University of Michigan Wolverines batting - Pitching for Washington State University Cougars : RHP Danny Diaz
Batting: RHB Franklin Ortega 0-0: Ball
1-0: Foul Ball, location: 2F
1-1: Ball
2-1: Foul Ball, location: 2F
2-2: Strikes out swinging
Batting: RHB Jason Rhodes 0-0: Ball
1-0: Swinging Strike
1-1: Fly out, F9 (Flyball, 9D, EV 103.1 MPH)
Batting: RHB Justin Young 0-0: Called Strike
0-1: Called Strike
0-2: Ball
1-2: Foul Ball, location: 2F
1-2: Strikes out swinging
Top of the 8th over - 0 runs, 0 hits, 0 errors, 0 left on base; University of Michigan 4 - Washington State University 13
BOTTOM OF THE 8TH
Washington State University Cougars batting - Pitching for University of Michigan Wolverines : RHP Steve Child
Pitching: LHP Armando Salas
Batting: LHB Toby Clark 0-0: Ground out 6-3 (Groundball, 6M, EV 86.2 MPH)
Batting: SHB Cedric Sweep 0-0: Called Strike
0-1: Foul Ball, location: 2F
0-2: Ball
1-2: Ball
2-2: Strikes out swinging
Batting: LHB Randolph Brodbeck 0-0: Called Strike
0-1: Fly out, F1 (Line Drive, P, EV 65.6 MPH)
Bottom of the 8th over - 0 runs, 0 hits, 0 errors, 0 left on base; University of Michigan 4 - Washington State University 13
TOP OF THE 9TH
University of Michigan Wolverines batting - Pitching for Washington State University Cougars : RHP Danny Diaz
Pitching: RHP Juan Serrano
Batting: RHB Dave Guevara 0-0: Ball
1-0: Ground out 6-3 (Groundball, 6, EV 87.5 MPH)
Batting: LHB Gabe Morales 0-0: Ball
1-0: Foul Ball, location: 2F
1-1: Ball
2-1: Foul Ball, location: 2F
2-2: Strikes out looking
Batting: RHB Glen Limeburner 0-0: DOUBLE (Flyball, 8LD, EV 100.0 MPH)
Batting: LHB Tony Olvera 0-0: Called Strike
0-1: Ball
1-1: Ball
2-1: Ground out U3 (Groundball, 3, EV 81.9 MPH)
Top of the 9th over - 0 runs, 1 hit, 0 errors, 1 left on base; University of Michigan 4 - Washington State University 13
Tuesday, September 13th , 2022 - OOTP Baseball 23.7 Build 88